 Dungeon Crawl Stone Soup version 0.27-a0-1557-g57f10a385c (webtiles) character file.

Game seed: 10389752608409024741

46 bilbop the Cutter (level 3, 0/24 HPs)
             Began as a Kobold Berserker on July 15, 2021.
             Was a Believer of Trog.
             Slain by a worm (10 damage)
             ... on level 3 of the Dungeon.
             The game lasted 00:10:30 (2914 turns).

bilbop the Cutter (Kobold Berserker)                Turns: 2914, Time: 00:10:31

Health: 0/24       AC:  2    Str: 15    XL:     3   Next: 92%
Magic:  3/3        EV: 15    Int:  8    God:    Trog [**....]
Gold:   73         SH:  0    Dex: 14    Spells: 2/2 levels left

rFire    . . .     SeeInvis .   a - +0 dagger
rCold    . . .     Faith    .   (shield restricted)
rNeg     . . .     Spirit   .   b - +0 animal skin
rPois    .         Reflect  .   (no helmet)
rElec    .         Harm     .   (no cloak)
rCorr    .         Rampage  .   (no gloves)
Will     .....                  (no boots)
Stlth    +++.......             (no amulet)
HPRegen  0.08/turn              (no ring)
MPRegen  0.08/turn              (no ring)

@: on berserk cooldown, slowed, very slow
A: small, no large weapons, nightstalker 3
a: Renounce Religion, Berserk, Trog's Hand


You were on level 3 of the Dungeon.
You worshipped Trog.
Trog was pleased with you.
You visited 1 branch of the dungeon, and saw 3 of its levels.

You collected 73 gold pieces.

Inventory:

Hand Weapons
 a - a +0 dagger (weapon)
 d - a +0 short sword
Armour
 b - a +0 animal skin (worn)
 i - a +0 ring mail
Jewellery
 k - an amulet of magic regeneration
Scrolls
 c - a scroll of vulnerability {unknown}
 e - 6 scrolls of identify {unknown}
 g - 2 scrolls of enchant weapon {unknown}
 j - a scroll of noise {unknown}
 l - a scroll of amnesia {unknown}
Potions
 f - a potion of attraction {unknown}
 h - a potion of degeneration {unknown}
 m - a potion of mutation {unknown}
 n - a potion of flight {unknown}


   Skills:
 + Level 3.7 Fighting
 + Level 4.5 Short Blades
 - Level 1.8 Armour
 + Level 3.1 Dodging
 + Level 1.9 Stealth
 + Level 0.0 Invocations


You had 2 spell levels left.
You didn't know any spells.
Your spell library was empty.

Dungeon Overview and Level Annotations

Branches:
Dungeon (3/15)

Altars:

Annotations:
D:3 2 runed translucent doors


Innate Abilities, Weirdness & Mutations

You are small and have problems with some larger weapons.
You are completely attuned to the shadows.


Message History

You barely miss the hobgoblin.
The hobgoblin is lightly wounded.
The hobgoblin hits you.
You hit the hobgoblin but do no damage.
The hobgoblin is lightly wounded.
The hobgoblin closely misses you.
You hit the hobgoblin but do no damage.
The hobgoblin is lightly wounded.
The hobgoblin hits you.
You hit the hobgoblin but do no damage.
The hobgoblin is lightly wounded.
A red film seems to cover your vision as you go berserk!
You feel yourself moving faster!
You feel mighty! The hobgoblin closely misses you.
You puncture the hobgoblin!
You kill the hobgoblin!
Trog accepts your kill. The frilled lizard bites you.
You see here a hobgoblin corpse.
You puncture the frilled lizard!
You kill the frilled lizard!
Trog accepts your kill.
You feel a strong urge to attack something.
You see here a hobgoblin corpse.
The worm closely misses you.
You puncture the worm!
The worm is heavily wounded.
You hit the worm.
The worm is almost dead.
You barely miss the worm.
The worm is almost dead.
You puncture the worm!
You kill the worm!
Trog accepts your kill.
You are no longer berserk.
You are exhausted.
You feel yourself slow down.
You see here a worm corpse.
The worm bites you!
You die...

###......## .#####......
...........# ####....†...
#?# #......#. #.#
###......#. #.#
##....#..... ......#
######.#####..#.#######
......# #.....@†.†...##.#
...w..# ##......w.######.#
......####...)...#.#####..#
......##w..#######.......##
.........### #..####..#
........## #..# ##.## #
#....##.## ###..# #..# #
#..####..## #...## ###.## #
.# ##..### ##.###
##§#..#####


You could see a worm.

Vanquished Creatures
  A worm (D:3)
  2 orcs (D:3)
  2 ball pythons
  6 endoplasms
  A giant cockroach (D:1)
  5 goblins
  6 hobgoblins
  3 kobolds
  A quokka (D:1)
  6 bats
  2 frilled lizards
  2 rats (D:1)
37 creatures vanquished.

Notes
Turn   | Place    | Note
-------+----------+-------------------------------------------
     0 | D:1      | bilbop the Kobold Berserker began the quest for the Orb.
     0 | D:1      | Reached XP level 1. HP: 14/14 MP: 1/1
   759 | D:1      | Reached XP level 2. HP: 14/19 MP: 2/2
   768 | D:1      | Reached skill level 1 in Stealth
  1661 | D:2      | Reached XP level 3. HP: 23/23 MP: 3/3
  2747 | D:3      | Found a large runed translucent door.
  2748 | D:3      | Found a large runed translucent door.
  2797 | D:3      | Reached ** piety under Trog
  2914 | D:3      | Slain by a worm

Illustrated notes

Levels and vault maps discovered:
D:1:      scummos_arrival_gate, layout_basic
D:2:      layout_basic, amcnicky_mini_pool_small
D:3:      layout_rooms, ebering_ghost_disaster_area,
          hellmonk_ecumenical_altar_run_dry, minmay_surrounded

Skill      XL: |  1  2  3 |
---------------+----------+-----
Stealth        | 1 |  1.9
Dodging        | 3 |  3.1
Fighting       | |  3.7
Short Blades   | |  4.5
Armour         | |  1.8

Action                   || total
-------------------------++-------
Melee: Dagger            ||   161
       Short sword       ||     5
Invok: Berserk           ||     4
 Stab: Sleeping          ||    10
Armor: Animal skin       ||    21
Dodge: Dodged            ||   111

Table legend: (Time is in decaauts)
 A = Elapsed time spent in this place.
 B = Non-inter-level travel time spent in this place.
 C = Inter-level travel time spent in this place.
 D = Time resting spent in this place.
 E = Time spent auto-exploring this place.
 F = Levels seen in this place.
 G = Mean time per level.
                   A        B        C        D        E       F      G
               +--------+--------+--------+--------+--------+-----+--------+
         Total |   2912 |   2741 |    171 |    877 |   1574 |   3 |  970.7 |
       Dungeon |   2912 |   2741 |    171 |    877 |   1574 |   3 |  970.7 |
               +--------+--------+--------+--------+--------+-----+--------+

Top non-repeatable levels by time:
     D:1: 1633 daAuts
     D:2: 809 daAuts
     D:3: 469 daAuts
